 Dungeon Crawl Stone Soup version 0.20-a0-2-g2b0e13a (webtiles) character file.

2789 Leibowitz the Spear-Bearer (level 9, -4/73 HPs)
             Began as a Demigod Gladiator on Oct 27, 2016.
             Slain by a troll (5 damage)
             ... on level 8 of the Dungeon.
             The game lasted 00:19:19 (7695 turns).

Leibowitz the Spear-Bearer (Demigod Gladiator)      Turns: 7695, Time: 00:19:20

Health: -4/73      AC:  9    Str: 28      XL:     9   Next: 20%
Magic:  13/13      EV: 13    Int: 12      God:
Gold:   357        SH:  0    Dex: 21 (22) Spells: 0 memorised, 8 levels left

rFire  + . .     SeeInvis .     a - +1 trident
rCold  + . .     Gourm    .     i - +0 scale mail {rF+}
rNeg   . . .     Faith    .     (no shield)
rPois  .         Spirit   .     c - +1 helmet
rElec  +         Reflect  .     (no cloak)
rCorr  .         Harm     .     (no gloves)
MR     .....                    (no boots)
Stlth  +.........               s - amulet of rage
                                p - ring of Ciumiz {rElec rC+ Str+4}
                                v - +6 ring of strength

@: no status effects
A: high mp 1
a: Evoke Berserk Rage


You were on level 8 of the Dungeon.
You were not hungry.

You visited 2 branches of the dungeon, and saw 9 of its levels.

You collected 357 gold pieces.

Inventory:

Hand Weapons
 a - a +1 trident (weapon)
Missiles
 j - 24 poisoned needles
 k - 3 needles of sleeping
Armour
 c - a +1 helmet (worn)
 i - a +0 scale mail of fire resistance (worn)
Jewellery
 p - the ring of Ciumiz (right hand) {rElec rC+ Str+4}
   (You acquired it on level 6 of the Dungeon)

   [ring of protection from cold]

   It affects your strength (+4).
   It protects you from cold.
   It insulates you from electricity.
 r - a +2 amulet of reflection
 s - an amulet of rage (around neck)
 v - a +6 ring of strength (left hand)
Wands
 d - a wand of hasting (2/9)
 u - a wand of flame (11/48)
 w - a wand of hasting (6/9)
 y - a wand of paralysis (14/24)
 z - a wand of polymorph (4/24)
 E - a wand of acid (12/15)
Scrolls
 b - 2 scrolls of enchant armour
 e - a scroll of enchant weapon
 g - a scroll of recharging
 n - 5 scrolls of identify
 q - 6 scrolls of remove curse
Potions
 l - 6 potions of flight
 m - a potion of lignification
 t - 2 potions of curing
 B - 2 potions of heal wounds
 C - 3 potions of might
 D - a potion of haste {unknown}
Comestibles
 f - 6 bread rations
 h - a slice of pizza
 o - 7 beef jerkies
 x - 2 fruits
 A - a meat ration
 F - a chunk of flesh


   Skills:
 + Level 4.9 Fighting
 + Level 8.5 Polearms
 + Level 2.1 Throwing
 + Level 5.7 Armour
 + Level 4.3 Dodging
 + Level 1.7 Stealth
 + Level 0.1 Unarmed Combat
 + Level 1.5 Evocations


You had 8 spell levels left.
You didn't know any spells.

Dungeon Overview and Level Annotations

Branches:
Dungeon (8/15)             Temple (1/1) D:7
   Lair: D:8-11

Shops:
D:4 }

Annotations:
D:7 exclusion: ice statue


Innate Abilities, Weirdness & Mutations

You have an increased reservoir of magic. (+10% MP)


Message History

The troll bites you! The troll claws you but does no damage.
The troll misses you.
You hit the troll.
The troll is almost dead.
You hear a howl!
The troll bites you. The troll claws you.
* * * LOW HITPOINT WARNING * * *
The troll claws you but does no damage.
You hear a bark! x2
You fail to use your ability.
The troll bites you!
* * * LOW HITPOINT WARNING * * *
The troll claws you!
* * * LOW HITPOINT WARNING * * *
The troll closely misses you.
You closely miss the troll.
The troll is almost dead.
The troll closely misses you. x2; The troll claws you.
* * * LOW HITPOINT WARNING * * *
You fail to use your ability.
The troll bites you.
You die...

#.# #.#..# #.# #>##.#
###########
#.####.##.#
..........#
#....#.##.#
#.......###..#.#.##.#
#............#.#.##.#
#......#####.#.#.##.#
####.### #.#......#
#@.# #.###...##
########T# ### ###.#
.........# #.#
.........# #.#
.T≈.....## ..#
.≈≈≈≈≈..# ###
.≈≈≈≈≈..# .≈≈≈≈...#
.≈≈≈....#


You could see a troll.

Vanquished Creatures
  Joseph (D:7)
  Eustachio (D:4)
  Duvessa (D:4)
  2 orc warriors
  An ice beast (D:7)
  An ogre (D:5)
  2 phantoms
  3 centaurs (D:7)
  A bullfrog (D:6)
  Dowan (D:4)
  2 scorpions
  A howler monkey (D:4)
  2 crimson imps
  A centaur zombie (D:7)
  2 quasits
  A hound (D:4)
  A centaur skeleton (D:4)
  2 bullfrog skeletons
  10 orc priests
  4 orc wizards
  Natasha (thrice) (D:3)
  2 iguanas
  4 worker ants
  3 gnolls (D:7)
  A howler monkey skeleton (D:7)
  8 adders
  A shadow imp (D:6)
  A dart slug (D:2)
  5 worms
  3 leopard geckos
  18 orcs
  7 giant cockroaches
  4 hobgoblins
  10 jackals
  6 quokkas
  A ball python (D:2)
  10 bats
  4 frilled lizards
  A giant cockroach zombie (D:5)
  6 goblins
  9 kobolds
  9 rats
156 creatures vanquished.

Notes
Turn   | Place    | Note
-------+----------+-------------------------------------------
     0 | D:1      | Leibowitz the Demigod Gladiator began the quest for the Orb.
     0 | D:1      | Reached XP level 1. HP: 17/17 MP: 3/3
   606 | D:2      | Reached XP level 2. HP: 24/24 MP: 4/4
   637 | D:2      | Reached skill level 3 in Polearms
   675 | D:2      | Reached XP level 3. HP: 19/29 MP: 5/5
   886 | D:2      | Reached skill level 1 in Armour
  1735 | D:3      | Reached XP level 4. HP: 26/36 MP: 6/6
  2189 | D:3      | Reached skill level 4 in Polearms
  2541 | D:3      | Noticed Natasha
  2554 | D:3      | Killed Natasha
  2688 | D:3      | Noticed Natasha
  2702 | D:3      | Killed Natasha
  2702 | D:3      | Reached XP level 5. HP: 7/42 MP: 7/7
  3035 | D:3      | Noticed Natasha
  3044 | D:3      | Killed Natasha
  3238 | D:4      | Reached XP level 6. HP: 35/50 MP: 8/8
  3372 | D:4      | Got an opalescent robe
  3383 | D:4      | Identified the cursed -5 robe of Misfortune {-Cast *Contam *Tele *Drain EV-5 Stlth-- *Curse} (You found it on level 4 of the Dungeon)
  3415 | D:4      | Gained mutation: Your spells are a little easier to cast, but a little less powerful. [mutagenic glow]
  3504 | D:4      | Reached skill level 5 in Polearms
  3662 | D:4      | Found Kiroagosy's Gadget Shop.
  3936 | D:4      | Noticed Duvessa
  3940 | D:4      | Noticed Dowan
  3948 | D:4      | Killed Duvessa
  3948 | D:4      | Reached XP level 7. HP: 35/57 MP: 9/9
  3961 | D:4      | Killed Dowan
  4219 | D:4      | Noticed Eustachio
  4232 | D:4      | Killed Eustachio
  4232 | D:4      | Reached skill level 6 in Polearms
  4343 | D:5      | Entered Level 5 of the Dungeon
  4414 | D:5      | Lost mutation: Your spells are a little easier to cast, but a little less powerful. [potion of cure mutation]
  4479 | D:5      | Found a sparkling altar of Nemelex Xobeh.
  5129 | D:6      | Found a sacrificial altar of Ru.
  5308 | D:6      | Reached XP level 8. HP: 44/66 MP: 11/11
  5549 | D:6      | Reached skill level 7 in Polearms
  5978 | D:6      | Found a blossoming altar of Fedhas.
  5978 | D:6      | Found a glowing silver altar of Zin.
  6024 | D:6      | Reached skill level 1 in Stealth
  6383 | D:6      | Identified a scroll of acquirement
  6384 | D:6      | Got a smoking amber ring
  6385 | D:6      | Identified the ring of Ciumiz {rElec rC+ Str+4} (You acquired it on level 6 of the Dungeon)
  6458 | D:7      | Reached skill level 5 in Armour
  6628 | D:7      | Reached skill level 1 in Evocations
  6877 | D:7      | Reached skill level 8 in Polearms
  7039 | D:7      | Noticed Joseph
  7050 | D:7      | Reached XP level 9. HP: 59/72 MP: 12/12
  7078 | D:7      | Killed Joseph
  7328 | D:7      | Found a staircase to the Ecumenical Temple.
  7355 | Temple   | Entered the Ecumenical Temple
  7427 | D:7      | Noticed an ice statue
  7694 | D:8      | HP: 1/73 [troll (3)]
  7695 | D:8      | Slain by a troll

Vault maps used:
D:1:      dpeg_arrival_central
D:3:      uniq_natasha
D:4:      serial_shops, shop, eino_small_chamber_without_monster,
          uniq_eustachio, uniq_duvessa
D:5:      nicolae_overflow_crystal_walls, first_bread
D:6:      grunt_temple_overflow_open, overflow_temple_1_default,
          small_statue_intersection
D:7:      lemuel_ice_statue, grunt_decor_one_mirror, uniq_joseph
D:8:      marbit_many_paths, erik_lair_island
Temple:   eino_wide_crystal_templ

Skill      XL: |  1  2  3  4  5  6  7  8 |
---------------+-------------------------+-----
Fighting       | 2 3 4 |  4.9
Polearms       | 3 4 5 6 8 |  8.5
Dodging        | 3 4 |  4.3
Armour         | 1 2 3 5 |  5.7
Throwing       | 2 |  2.1
Stealth        | 1 |  1.7
Evocations     | 1 |  1.5
Unarmed Combat | |  0.1

Action                   |  1- 3 |  4- 6 |  7- 9 || total
-------------------------+-------+-------+-------++-------
Melee: Trident           |   167 |   193 |   354 ||   714
       Unarmed           |       |       |     1 ||     1
Throw: Throwing net      |       |     2 |     5 ||     7
 Abil: Evoke Berserk Rag |       |     1 |     3 ||     4
Evoke: Wand              |       |     7 |       ||     7
  Use: Scroll            |       |     6 |     4 ||    10
       Potion            |       |       |    11 ||    11
 Stab: Held in net/web   |       |       |     5 ||     5
  Eat: Chunk             |     2 |     9 |    13 ||    24
       Pizza             |       |       |     1 ||     1
Armor: Scale mail        |    59 |    66 |   134 ||   259
Dodge: Dodged            |    97 |   124 |   189 ||   410
Block: Other             |       |       |     4 ||     4
